[Event "XTX Markets London Masters 2024"]
[Site "London"]
[Date "2024.11.30"]
[Round "3.16"]
[White "Kalavannan, Koby"]
[Black "Kistrup, Nicolai"]
[Result "1-0"]
[ECO "A07"]
[WhiteElo "2225"]
[BlackElo "2420"]
[Annotator "TA"]
[PlyCount "121"]
[EventDate "2024.11.28"]
[EventType "swiss"]
[EventCountry "ENG"]
[SourceTitle "playchess.com"]
[Source "ChessBase"]
[SourceQuality "1"]
[TimeControl "40/5400+30:1800+30"]

1. Nf3 d5 2. g3 g6 3. Bg2 Bg7 4. O-O e5 5. d3 Nc6 6. Nc3 d4 7. Ne4 h6 8. c3 Nge7 9. cxd4 exd4 10. a3 a5 11. Qa4 Nd5 12. Bd2 Nb6 13. Qc2 O-O 14. Rac1 a4 15. Nc5 Qe7 (15... Qf6 $14) 16. Rfe1 Rd8 17. h4 (17. Nh4 $16) 17... Ra7 (17... Qf6 $14) 18. e4 ({White should play} 18. e3 $16) 18... dxe3 ({Better is} 18... Bf8 $14) 19. Bxe3 $16 Qf6 {[%emt 0:03:00] [#]} 20. Nxa4 Ra6 21. Nxb6 cxb6 22. d4 Be6 {[%emt 0:04:17] [#]} 23. Ne5 Nxd4 $11 24. Bxd4 Rxd4 25. Bxb7 Ra5 26. f4 Rc5 27. Qf2 Rxc1 28. Rxc1 Qd8 29. Nf3 {[%emt 0:01:35] Wards off Rd2} Rd1+ (29... Bg4 $5) 30. Rxd1 Qxd1+ 31. Kh2 Qd6 32. Ne5 g5 33. hxg5 hxg5 34. Qe3 gxf4 35. gxf4 Qe7 36. Be4 Qh4+ 37. Kg2 b5 38. Qg3 Qh5 39. Bd3 {[%emt 0:03:55] Wards off Qe2+} Bd5+ 40. Kf2 Qd1 41. b4 Qd2+ 42. Be2 Qb2 43. Qe3 Bf6 44. Kg3 Kg7 45. Kh3 Be6+ 46. Bg4 Bc4 47. Kg3 Qb1 48. Bf3 Qf1 49. Bg2 Qa1 50. Kh2 Be6 51. Kg3 Qb2 52. Bf1 Bd5 53. Be2 Qa2 54. Nd7 {[%emt 0:01:45][%cal Od7f6] Black must now prevent Nxf6!} (54. Bxb5 $2 Qg2#) 54... Bb2 {[%emt 0:00:27] A strong pair of Bishops.} 55. Qe7 (55. Kf2 $14 f6 56. Qe7+ (56. Bxb5 $2 {perishes.} Bd4+ 57. Be2 Qd2 $19) 56... Bf7 57. Qf8+ (57. Bxb5 Bd4+ 58. Ke1 Qa1+ 59. Kd2 Qc3+ 60. Kd1 Qf3+ 61. Kc2 Qb3+ 62. Kd2 Bc3+ 63. Ke2 Qa2+ 64. Kf1 Qb1+ 65. Kf2 Qf5 $11) 57... Kh7 58. Qd6 (58. Bxb5 Bd4+ 59. Kf3 Qf2+ 60. Ke4 Qe3+ 61. Kf5 Be6#) (58. Bd3+ Bg6 $11)) 55... Qxa3+ {[%emt 0:00:16] The position is equal.} 56. Kh4 Be6 57. Qg5+ (57. Bxb5 $2 {is a self mate.} Qh3+ 58. Kg5 Qh6#) 57... Kh8 58. Qd8+ Kg7 $1 {[%emt 0:00:15] ( -> ...Qh3+)} 59. Qf8+ (59. Bxb5 $2 {leads to mate.} Qh3+ 60. Kg5 Qh6#) 59... Kh7 60. Bg4 {[%emt 0:00:02] Inhibits Qh3+. Bxe6 would now be deadly. Chess con chili.} Bg7 {[%emt 0:01:32] And now ...Bxg4 would win.} 61. Qe7 {[%emt 0:00:33][%mdl 32768] Weighted Error Value: White=0.08 (flawless) /Black=0.06 (flawless) .  Mistake:       	White=4     	Black=3      Inaccurate:     	White=2     	Black=4      OK:         	White=18    	Black=25     Best:        	White=1     	Black=4      Strong:       	---       	Black=1      Brilliant:      	White=1     	---       . Loss on time!?} 1-0

[Event "XTX Markets London Masters 2024"]
[Site "London"]
[Date "2024.11.30"]
[Round "3.17"]
[White "Sowray, Peter J"]
[Black "Golding, Alex"]
[Result "1/2-1/2"]
[ECO "C84"]
[WhiteElo "2205"]
[BlackElo "2404"]
[Annotator "ChessBase"]
[PlyCount "30"]
[EventDate "2024.11.28"]
[EventType "swiss"]
[EventCountry "ENG"]
[SourceTitle "playchess.com"]
[Source "ChessBase"]
[SourceQuality "1"]
[TimeControl "40/5400+30:1800+30"]

1. e4 e5 2. Nf3 Nc6 3. Bb5 a6 4. Ba4 Nf6 5. d3 b5 6. Bb3 Be7 7. a4 b4 8. a5 O-O 9. O-O d6 10. Nbd2 h6 11. h3 Bb7 12. Nc4 Nb8 13. Bd2 c5 14. c3 bxc3 15. bxc3 Nbd7 1/2-1/2

[Event "XTX Markets London Masters 2024"]
[Site "London"]
[Date "2024.11.30"]
[Round "3.18"]
[White "Pert, Richard G"]
[Black "Finn, Peter"]
[Result "1-0"]
[ECO "D02"]
[WhiteElo "2399"]
[BlackElo "2175"]
[Annotator "TA"]
[PlyCount "137"]
[EventDate "2024.11.28"]
[EventType "swiss"]
[EventCountry "ENG"]
[SourceTitle "playchess.com"]
[Source "ChessBase"]
[SourceQuality "1"]
[TimeControl "40/5400+30:1800+30"]

1. d4 Nf6 2. Nf3 d5 3. Bf4 e6 4. e3 Bd6 5. Nbd2 O-O 6. Ne5 c5 7. c3 Nc6 8. Bd3 Qc7 9. Ndf3 Ne4 10. O-O cxd4 11. cxd4 Bd7 12. Rc1 f6 13. Nxd7 Qxd7 14. Bxd6 (14. Bxe4 dxe4 15. d5 exd5 16. Qxd5+ Qf7 17. Qxe4 Bxf4 18. Qxf4 Qxa2 19. Nd4) 14... Nxd6 15. a3 Rfc8 16. Qe2 Na5 17. e4 dxe4 (17... Nxe4 {is more complex.} 18. Bxe4 dxe4 19. Qxe4 Rxc1 20. Rxc1 Rc8) 18. Bxe4 Nxe4 19. Qxe4 Rxc1 20. Rxc1 Nc6 21. Re1 Rd8 22. g3 Kf7 23. Qxh7 Nxd4 24. Qh5+ Kg8 (24... Ke7 $11) 25. Nxd4 $14 Qxd4 26. Rxe6 ({Better is} 26. Qb5 $1 $14) 26... Qxb2 {[%emt 0:09:38][%mdl 4096] Endgame KQR-KQR} 27. Re7 Qc1+ 28. Kg2 Qc6+ 29. f3 (29. Kh3 $5 Qc8+ $8 30. g4 $11) 29... Qc2+ 30. Kh3 {[%emt 0:00:05] White wants to mate with Qf7+.} Qh7 31. Qxh7+ Kxh7 32. Rxb7 $11 {[%emt 0:00:15] KR-KR. White is a pawn up.} Rd3 33. Rxa7 Rxf3 34. Kg4 Rf2 35. h4 Ra2 (35... Kh6 $11) 36. Kf3 (36. a4 $16) 36... Ra1 (36... Kg6 $11) 37. a4 $16 Kg6 38. g4 {[%emt 0:02:41] White is more active.} (38. a5 $1 $16) 38... Rf1+ $11 39. Kg2 Ra1 40. Ra6 Ra3 41. Kh2 Kh6 42. Ra5 Kg6 43. Kg2 Kh6 {[%emt 0:01:21] [#]} (43... Rc3 $11 {remains equal.}) 44. g5+ (44. Ra8 $1 $16) 44... fxg5 45. hxg5+ Kh5 46. Kf2 g6 47. Ke2 Kg4 48. Kd2 Kf4 49. Kc2 Ke4 $1 50. Ra6 Kf5 $1 51. Kb2 Rg3 52. Ra5+ Ke6 53. Rb5 Kd7 54. a5 Rg2+ $1 55. Kb3 Rg3+ 56. Kb2 Rg2+ $1 57. Kc3 Rg3+ 58. Kd4 Rg4+ 59. Ke3 {[%emt 0:05:01] Threatens to win with a6.} Ra4 60. Kd3 Kc6 $2 (60... Kd6 $11) 61. Rb6+ $18 Kc7 62. Rxg6 Rxa5 63. Ke4 Kd7 {[%emt 0:00:35] [#]} 64. Kf4 $1 Ra1 65. Rf6 Ra5 66. Kg4 Ke7 67. Kh5 Ra8 68. Kh6 Rg8 69. Rf1 1-0

[Event "XTX Markets London Masters 2024"]
[Site "London"]
[Date "2024.11.30"]
[Round "3.19"]
[White "Thorfinnsson, Bjorn"]
[Black "Li, Wenxiang"]
[Result "0-1"]
[ECO "D02"]
[WhiteElo "2370"]
[BlackElo "2145"]
[Annotator "TA"]
[PlyCount "88"]
[EventDate "2024.11.28"]
[EventType "swiss"]
[EventCountry "ENG"]
[SourceTitle "playchess.com"]
[Source "ChessBase"]
[SourceQuality "1"]
[TimeControl "40/5400+30:1800+30"]

1. d4 Nf6 2. Nf3 c6 3. c3 d5 4. Bg5 Qb6 5. Qb3 Ne4 6. Bf4 Bf5 7. Nbd2 Nd7 8. e3 e6 9. Nxe4 Bxe4 10. Nd2 Bg6 11. Be2 Be7 12. c4 Bb4 ({Better is} 12... Qxb3 $11 13. Nxb3 a5) 13. c5 $14 Qa5 {[%emt 0:05:00] [#]} 14. O-O $1 e5 $1 (14... Bxd2 $6 15. Qxb7 Rd8 (15... Qd8 $2 16. Rfd1 $18) 16. Bd6 $16 (16. Qxc6 O-O $11)) 15. Bg3 $1 Bxd2 16. Qxb7 Rd8 17. Qxc6 (17. a3 $1 $14) 17... O-O $15 18. a3 $1 {[%emt 0:16:30] and b4 would now be decisive} Nb8 $1 19. Qb7 Rd7 (19... exd4 $1 $15 20. exd4 Qa4) 20. Qb3 $1 $11 Nc6 (20... exd4 $1 $11 {remains equal.} 21. Bxb8 Qxc5) 21. Qd1 $16 exd4 22. b4 Bxb4 $1 23. axb4 Qxb4 24. Ra6 (24. Bd6 $14) 24... d3 $36 {[%emt 0:07:17][%mdl 2048] White is under pressure.} 25. Rxc6 ({White should play} 25. Bg4 $11 f5 26. Rxc6 fxg4 (26... Qxg4 $2 27. Qxd3 Qc4 28. Qa3 $18) 27. Rxg6 hxg6 28. c6) 25... Qb5 $1 $15 (25... dxe2 26. Qxe2 h5 27. Rd6) 26. Bg4 Qxc6 27. Bxd7 Qxd7 28. Qb3 Qc6 29. Bd6 Ra8 30. f3 (30. Ra1 $15) 30... h5 $17 31. Kf2 a5 32. Qb6 (32. Ra1 $17) 32... Qa4 $19 33. Qb7 $2 (33. Qb2 {was worth a try.}) 33... Re8 (33... Qc2+ $142 34. Kg3 Re8) 34. Qb2 {[%emt 0:08:57] [#]} Qh4+ $1 35. Bg3 {[%emt 0:08:04] [#]} Qb4 $1 {[%emt 0:00:24] White is weak on the light squares} 36. Be5 Qxc5 37. Rc1 Qb4 38. Bxg7 $2 (38. Qxb4 axb4 39. Bd4) 38... Qh4+ (38... Qxb2+ 39. Bxb2 Bf5 40. Bf6 $15) 39. Kf1 d2 $1 ({Worse is} 39... Rxe3 40. Rc8+) (39... Qxh2 40. Bh8 Qh1+ (40... Rxe3 41. Qg7#) 41. Kf2 Qh4+ 42. Kg1 $11) 40. Qxd2 Kxg7 41. Qxd5 Qxh2 {[%emt 0:01:04] ...Qh1+ is the strong threat.} 42. Rc5 Qh1+ (42... Rxe3 43. Qd4+ (43. Rxa5 $2 {is a self mate.} Qh1+ 44. Kf2 Qe1#) 43... Kh7 44. Qxe3 $18) 43. Kf2 Qh4+ 44. Kf1 Rxe3 0-1

[Event "XTX Markets London Masters 2024"]
[Site "London"]
[Date "2024.11.30"]
[Round "3.20"]
[White "Bin-Suhayl, Ieysaa"]
[Black "Bates, Richard A"]
[Result "0-1"]
[ECO "E62"]
[WhiteElo "2183"]
[BlackElo "2315"]
[Annotator "RC"]
[PlyCount "92"]
[EventDate "2024.11.28"]
[EventType "swiss"]
[EventCountry "ENG"]
[SourceTitle "playchess.com"]
[Source "ChessBase"]
[SourceQuality "1"]
[TimeControl "40/5400+30:1800+30"]

1. Nf3 Nf6 2. c4 g6 3. g3 Bg7 4. Bg2 O-O 5. O-O d6 6. d4 Nc6 7. Nc3 Bg4 8. h3 Bxf3 9. Bxf3 Nd7 10. e3 e5 11. d5 Ne7 12. e4 f5 13. h4 Nf6 14. g4 fxg4 15. Bxg4 Kh8 16. h5 gxh5 17. Bxh5 Qd7 18. Kh2 Nxh5 19. Qxh5 Ng6 20. f3 Nf4 21. Bxf4 exf4 22. Qh3 Qxh3+ 23. Kxh3 Bd4 24. Nb5 Be3 25. Rg1 Bxg1 26. Rxg1 Rf7 27. Nd4 Rg8 28. Rxg8+ Kxg8 29. Ne6 Rf6 30. Nxc7 Rg6 31. Nb5 a6 32. Nd4 Rg3+ 33. Kh4 Kf7 34. Nf5 Rg6 35. b4 b6 36. a3 Ke8 37. a4 Kd7 38. e5 dxe5 39. c5 bxc5 40. bxc5 Rg1 41. c6+ Kc7 42. Ne7 a5 43. Kh5 Rg3 44. Kh6 Rxf3 45. Kg5 Rc3 46. Kf5 Kd6 0-1

[Event "XTX Markets London Masters 2024"]
[Site "London"]
[Date "2024.11.30"]
[Round "3.21"]
[White "Pang, Ethan"]
[Black "Fernandez, Michael"]
[Result "1/2-1/2"]
[ECO "B14"]
[WhiteElo "2303"]
[BlackElo "2138"]
[Annotator "RC"]
[PlyCount "148"]
[EventDate "2024.11.28"]
[EventType "swiss"]
[EventCountry "ENG"]
[SourceTitle "playchess.com"]
[Source "ChessBase"]
[SourceQuality "1"]
[TimeControl "40/5400+30:1800+30"]

1. e4 c6 2. d4 d5 3. exd5 cxd5 4. c4 Nf6 5. Nc3 g6 6. cxd5 Nxd5 7. Bc4 Nb6 8. Bb3 Bg7 9. Nge2 O-O 10. O-O Bf5 11. Bf4 Nc6 12. Nb5 Na5 13. Bc2 Qd7 14. Bxf5 Qxb5 15. Be4 Qxb2 16. Bd2 Nc6 17. Bc3 Qa3 18. Qb1 Rfd8 19. Rd1 e6 20. Rd3 Qe7 21. Qb3 Rd7 22. Rad1 Rad8 23. Bb2 Qh4 24. Bf3 Nxd4 25. Nxd4 Bxd4 26. g3 Qf6 27. Bxd4 Rxd4 28. Rxd4 Rxd4 29. Rxd4 Qxd4 30. Bxb7 Nd5 31. Kg2 Kg7 32. Qa3 Nf6 33. Qf3 h5 34. Bc6 a5 35. Qe2 h4 36. Bf3 Nd7 37. Qe4 Qxe4 38. Bxe4 hxg3 39. hxg3 Nc5 40. Bc2 e5 41. Kf3 Kf6 42. Ke3 Ke6 43. Bd1 Kd5 44. Be2 f5 45. f4 e4 46. Bb5 Ne6 47. Be8 g5 48. Bf7 gxf4+ 49. gxf4 Kd6 50. Bg6 Ng7 51. Bf7 Ke7 52. Bc4 Nh5 53. Be2 Nf6 54. Kd4 Kd6 55. Ba6 Nh5 56. Bc8 Ng7 57. Ke3 Kc5 58. Ba6 Ne8 59. Bc8 Nd6 60. Be6 Kb4 61. Kd4 a4 62. Bd5 a3 63. Be6 Kb5 64. Bd7+ Ka5 65. Kc3 e3 66. Kd3 Kb4 67. Kxe3 Kc3 68. Be6 Kb2 69. Kd3 Nb7 70. Kc4 Kxa2 71. Kc3+ Ka1 72. Bxf5 Nc5 73. Bg6 a2 74. Bf7 Kb1 1/2-1/2

[Event "XTX Markets London Masters 2024"]
[Site "London"]
[Date "2024.11.30"]
[Round "3.22"]
[White "Fava, Lorenzo"]
[Black "Willmoth, Robert F"]
[Result "1-0"]
[ECO "A21"]
[WhiteElo "2300"]
[BlackElo "2101"]
[Annotator "RC"]
[PlyCount "51"]
[EventDate "2024.11.28"]
[EventType "swiss"]
[EventCountry "ENG"]
[SourceTitle "playchess.com"]
[Source "ChessBase"]
[SourceQuality "1"]
[TimeControl "40/5400+30:1800+30"]

1. c4 d6 2. g3 e5 3. Bg2 f5 4. d4 Be7 5. Nc3 Nf6 6. b3 c6 7. Bb2 O-O 8. d5 c5 9. Qc2 Na6 10. Nf3 Bd7 11. O-O Qc8 12. a3 Rb8 13. Nb5 Ra8 14. Ng5 e4 15. Rad1 h6 16. Nh3 g5 17. f3 exf3 18. exf3 Nc7 19. Rfe1 Bxb5 20. Rxe7 Bd7 21. Rde1 Rf7 22. Qd2 Nce8 23. Nxg5 Rxe7 24. Rxe7 Kf8 25. Bxf6 Nxf6 26. Rf7+ 1-0

[Event "XTX Markets London Masters 2024"]
[Site "London"]
[Date "2024.11.30"]
[Round "3.23"]
[White "Kovalskyi, Roman"]
[Black "Haydon, David L"]
[Result "0-1"]
[ECO "B01"]
[WhiteElo "2124"]
[BlackElo "2294"]
[Annotator "RC"]
[PlyCount "66"]
[EventDate "2024.11.28"]
[EventType "swiss"]
[EventCountry "ENG"]
[SourceTitle "playchess.com"]
[Source "ChessBase"]
[SourceQuality "1"]
[TimeControl "40/5400+30:1800+30"]

1. e4 d5 2. exd5 Qxd5 3. Nc3 Qd6 4. d4 Nf6 5. Nf3 c6 6. Ne5 Nbd7 7. Nc4 Qc7 8. a4 Nb6 9. Ne5 e6 10. a5 Nbd5 11. Bd3 Bb4 12. O-O Bxa5 13. Nxd5 exd5 14. c3 Qd8 15. Re1 O-O 16. Bg5 Bc7 17. Bc2 Qd6 18. Bh4 Ne4 19. f3 Qh6 20. Be7 Re8 21. Ba3 Rxe5 22. dxe5 Bb6+ 23. Kf1 Ng3+ 24. hxg3 Qh1+ 25. Ke2 Qxg2+ 26. Kd3 Bf5+ 27. Re4 dxe4+ 28. Kc4 Be6+ 29. Kb4 Rd8 30. Qb1 Rd4+ 31. c4 Qd2+ 32. Kb3 Bxc4+ 33. Ka4 Qa5# 0-1

[Event "XTX Markets London Masters 2024"]
[Site "London"]
[Date "2024.11.30"]
[Round "3.25"]
[White "Rushbrooke, Remy"]
[Black "Radovanovic, Jovica"]
[Result "0-1"]
[ECO "D01"]
[WhiteElo "2074"]
[BlackElo "2248"]
[Annotator "RC"]
[PlyCount "92"]
[EventDate "2024.11.28"]
[EventType "swiss"]
[EventCountry "ENG"]
[SourceTitle "playchess.com"]
[Source "ChessBase"]
[SourceQuality "1"]
[TimeControl "40/5400+30:1800+30"]

1. d4 Nf6 2. Nc3 d5 3. Bg5 c6 4. e3 Qb6 5. Rb1 Bf5 6. Bxf6 exf6 7. Bd3 Bxd3 8. Qxd3 Bb4 9. Nge2 Qa6 10. Qxa6 Nxa6 11. O-O Nc7 12. e4 O-O-O 13. exd5 Nxd5 14. Nxd5 Rxd5 15. c3 Bd6 16. Rfe1 Re8 17. Ng3 Re6 18. Rbd1 g6 19. Ne4 c5 20. Kf1 cxd4 21. Rxd4 Rxd4 22. cxd4 Kd7 23. d5 Re5 24. Nxf6+ Ke7 25. Ne4 Bb4 26. Re2 Kf8 27. a3 Ba5 28. b4 Bb6 29. Nc3 Bd4 30. Rxe5 Bxe5 31. Ne4 b5 32. Ke2 Ke7 33. Kd3 Bxh2 34. Kd4 Bd6 35. Nc3 a6 36. Ne4 h5 37. f3 f5 38. Nc5 g5 39. Ne6 Kf6 40. Nc5 h4 41. Nb7 Be5+ 42. Kc5 g4 43. fxg4 fxg4 44. d6 Ke6 45. Nd8+ Kd7 46. Nf7 Bf4 0-1

[Event "XTX Markets London Masters 2024"]
[Site "London"]
[Date "2024.11.30"]
[Round "3.26"]
[White "Dong, Bao Nghia"]
[Black "Bird, Joel"]
[Result "1/2-1/2"]
[ECO "D15"]
[WhiteElo "2247"]
[BlackElo "2001"]
[Annotator "RC"]
[PlyCount "94"]
[EventDate "2024.11.28"]
[EventType "swiss"]
[EventCountry "ENG"]
[SourceTitle "playchess.com"]
[Source "ChessBase"]
[SourceQuality "1"]
[TimeControl "40/5400+30:1800+30"]

1. d4 d5 2. c4 c6 3. Nc3 Nf6 4. Nf3 dxc4 5. e3 b5 6. a4 b4 7. Na2 e6 8. Bxc4 Nbd7 9. O-O Bb7 10. Bd2 a5 11. Nc1 Be7 12. Nb3 O-O 13. Qe2 c5 14. Rfd1 Qb6 15. Be1 Rfd8 16. dxc5 Nxc5 17. Nbd4 Nfe4 18. Bb5 Bf6 19. Rac1 Rac8 20. h3 Nd6 21. Nh2 Nxb5 22. axb5 Bxd4 23. Rxd4 Nb3 24. Rxc8 Rxc8 25. Rd7 Nc5 26. Rd1 Rd8 27. Nf3 Rxd1 28. Qxd1 h6 29. Ne5 Bd5 30. Qh5 Qb7 31. f3 Na4 32. e4 Bb3 33. Bf2 Nxb2 34. b6 Nc4 35. Nxf7 Nxb6 36. Nd6 Qc7 37. Qxa5 Qxd6 38. Bxb6 Bc4 39. Bc5 Qd1+ 40. Kh2 b3 41. Qa8+ Kh7 42. Qa7 Qd2 43. Bd4 Qf4+ 44. Kg1 Qc1+ 45. Kh2 Qf4+ 46. Kg1 Qc1+ 47. Kh2 Qf4+ 1/2-1/2

[Event "XTX Markets London Masters 2024"]
[Site "London"]
[Date "2024.11.30"]
[Round "3.27"]
[White "Zhang, Kendrick Botong"]
[Black "Carlin, John D"]
[Result "0-1"]
[ECO "B90"]
[WhiteElo "2011"]
[BlackElo "2235"]
[Annotator "RC"]
[PlyCount "124"]
[EventDate "2024.11.28"]
[EventType "swiss"]
[EventCountry "ENG"]
[SourceTitle "playchess.com"]
[Source "ChessBase"]
[SourceQuality "1"]
[TimeControl "40/5400+30:1800+30"]

1. e4 c5 2. Nf3 d6 3. d4 cxd4 4. Nxd4 Nf6 5. Nc3 a6 6. h3 e5 7. Nf3 Qc7 8. Bg5 Nbd7 9. Be2 Be7 10. O-O O-O 11. Qd2 b6 12. Rad1 Bb7 13. Qe3 b5 14. a3 Rac8 15. Nh4 Rfe8 16. Nf5 Bf8 17. Rd2 h6 18. Bxf6 Nxf6 19. Rfd1 Red8 20. Qg3 g6 21. Bf3 Qb6 22. Qh4 d5 23. Nxh6+ Bxh6 24. Qxh6 dxe4 25. Be2 Rd4 26. Bf1 Rcd8 27. Ne2 Rxd2 28. Rxd2 Rxd2 29. Qxd2 Nd5 30. Nc1 e3 31. Qe1 Qd4 32. Nd3 e4 33. c3 exf2+ 34. Nxf2 Qe3 35. Qxe3 Nxe3 36. Be2 f5 37. Nd1 Nxd1 38. Bxd1 f4 39. a4 Kg7 40. axb5 axb5 41. Be2 Bc6 42. Kf2 Kf6 43. Bg4 Bd5 44. Bd7 e3+ 45. Kf1 Bc4+ 46. Ke1 Kg5 47. b3 Bxb3 48. Bxb5 Bd5 49. Kf1 Be4 50. Kg1 Kh4 51. Kh2 Kg5 52. Ba6 Kh4 53. Be2 g5 54. c4 Bb7 55. Bg4 Bc8 56. Bf3 g4 57. hxg4 Bxg4 58. Bxg4 Kxg4 59. Kg1 Kg3 60. Kf1 e2+ 61. Kxe2 Kxg2 62. c5 f3+ 0-1

[Event "XTX Markets London Masters 2024"]
[Site "London"]
[Date "2024.11.30"]
[Round "3.28"]
[White "Dasgupta, Avyukt"]
[Black "Zhao, George"]
[Result "1/2-1/2"]
[ECO "C01"]
[WhiteElo "2034"]
[BlackElo "2233"]
[Annotator "RC"]
[PlyCount "70"]
[EventDate "2024.11.28"]
[EventType "swiss"]
[EventCountry "ENG"]
[SourceTitle "playchess.com"]
[Source "ChessBase"]
[SourceQuality "1"]
[TimeControl "40/5400+30:1800+30"]

1. e4 e6 2. d4 d5 3. exd5 exd5 4. Nf3 Bd6 5. Bd3 Ne7 6. O-O Nbc6 7. c3 Bg4 8. Bg5 f6 9. Bh4 Qd7 10. Nbd2 O-O-O 11. Bg3 g5 12. b4 Nf5 13. Qa4 Kb8 14. Bb5 Nfe7 15. Rae1 a6 16. Bxc6 Nxc6 17. Bxd6 Qxd6 18. b5 axb5 19. Qxb5 Na7 20. Qd3 h5 21. Re3 h4 22. Rb1 Bc8 23. Nf1 Rh5 24. N3d2 g4 25. Qe2 Rdh8 26. Re8 Qc6 27. Rxh8 Rxh8 28. Qe3 Nb5 29. Rb3 Re8 30. Qd3 Nd6 31. Ne3 f5 32. f4 Ne4 33. Nxe4 Rxe4 34. g3 Qe6 35. Kf2 hxg3+ 1/2-1/2

[Event "XTX Markets London Masters 2024"]
[Site "London"]
[Date "2024.11.30"]
[Round "3.29"]
[White "Merriman, James"]
[Black "Balaji, Aaravamudhan"]
[Result "0-1"]
[ECO "A65"]
[WhiteElo "2084"]
[BlackElo "2377"]
[Annotator "TA"]
[PlyCount "116"]
[EventDate "2024.11.28"]
[EventType "swiss"]
[EventCountry "ENG"]
[SourceTitle "playchess.com"]
[Source "ChessBase"]
[SourceQuality "1"]
[TimeControl "40/5400+30:1800+30"]

1. d4 Nf6 2. c4 g6 3. f3 Bg7 4. e4 d6 5. Nc3 O-O 6. Bg5 c5 7. d5 Qa5 8. Qd2 a6 9. a4 e6 10. Ra3 exd5 11. cxd5 Nbd7 12. Nh3 Ne5 13. Nf2 Nh5 14. Be2 f6 {[%emt 0:00:32] Against f4} 15. Be3 f5 {[%emt 0:00:08] ...f4 would now be deadly.} 16. f4 Ng4 17. Nxg4 fxg4 18. O-O Qb4 19. Bd3 Bd4 (19... g3 $1 $15) 20. g3 $14 Bxe3+ 21. Qxe3 Qxb2 22. Rfa1 Qb6 23. Bc4 {[%emt 0:03:37][%mdl 1024] White has compensation.} Bd7 24. e5 Bf5 ({Black should play} 24... Ng7) 25. Rb3 $16 Qc7 26. Ne4 Bxe4 27. Qxe4 Rae8 (27... Ng7 $16) 28. Rab1 $18 Rf7 29. e6 Rg7 30. Rxb7 Qxb7 31. Rxb7 Rxb7 32. Bxa6 Nf6 33. Qc2 Rb4 34. Bb5 Rb8 (34... Re7 $16 {might work better.}) 35. e7 Kf7 (35... Ra8 $142 36. Kg2 Kf7) 36. Qe2 Ne8 37. Qe6+ Kg7 38. Qxg4 c4 39. Bxe8 Rxe8 {[%emt 0:00:30][%mdl 4096] Endgame KQ-KRR} 40. Qd7 $1 Rbb8 41. Qxd6 c3 42. Qe5+ Kf7 43. Qxc3 Rxe7 44. d6 Rd7 45. Qc4+ Kf8 46. Qd4 Rbd8 47. Qh8+ Kf7 48. Qxh7+ Kf6 49. Qh4+ Kf7 50. a5 {[%emt 0:00:00] And now a6 would win.} (50. Qh7+ Kf6 51. Qh4+ Kg7 $18) 50... Rxd6 51. a6 Ra8 52. Qh7+ Kf6 53. a7 (53. h4 $142 Raxa6 54. Qg8) 53... Ra6 $16 {[%emt 0:02:22] [#]} 54. f5 Ra1+ $14 55. Kg2 gxf5 56. Qh6+ Kf7 57. Qf4 Ra2+ 58. Kh3 $2 (58. Kf1 $14 Ra1+ 59. Ke2 Ra2+ 60. Kd1 Rd8+ 61. Kc1 Rxa7 62. Qxf5+ Ke8 63. Qh5+ Rf7 64. g4) 58... Rh8+ ({Inferior is} 58... R2xa7 59. Qxf5+ Kg8 60. Qe6+ Kf8 61. Qd6+ Kf7 62. Qd5+ Kf8 63. g4 $16) 0-1